 Dungeon Crawl Stone Soup version 0.29.1-15-g9cfb28693d (webtiles) character file.

Game seed: 9075578111319977092

253 H0rd4k the Trooper (level 6, 0/43 HPs)
             Began as an Octopode Artificer on Mar 15, 2023.
             Slain by a gnoll
             ... wielding a +2 flail of protection
              (11 damage)
             ... on level 4 of the Dungeon.
             The game lasted 00:03:09 (4463 turns).

H0rd4k the Trooper (Octopode Artificer)             Turns: 4463, Time: 00:03:10

Health: 0/43       AC:  1    Str: 12    XL:     6   Next: 14%
Magic:  10/10      EV: 13    Int: 21    God:
Gold:   141        SH:  0    Dex: 12    Spells: 10/10 levels left

rFire   . . .      SeeInvis .     - Unarmed
rCold   . . .      Faith    .   (no shield)
rNeg    . . .      Spirit   .   (helmet restricted)
rPois   .          Reflect  .   (no amulet)
rElec   .          Harm     .   s - +6 ring of intelligence
rCorr   .          Rampage  .   (no ring)
Will    .....                   (no ring)
Stlth   +++.......              (no ring)
HPRegen 0.14/turn               (no ring)
MPRegen 0.12/turn               (no ring)
                                (no ring)
                                (no ring)

@: no status effects
A: almost no armour, amphibious, 8 rings, camouflage 1, gelatinous body 1,
(nimble swimmer 1), tentacles
a: no special abilities


You were on level 4 of the Dungeon.
You visited 1 branch of the dungeon, and saw 4 of its levels.

You collected 141 gold pieces.

Inventory:

Missiles
 p - 6 datura-tipped darts
 r - 2 poisoned darts
Jewellery
 s - a +6 ring of intelligence (left tentacle)
Wands
 b - a wand of flame (12) (quivered)
 c - a wand of charming (12)
 d - a wand of iceblast (18)
Scrolls
 e - 7 scrolls of identify {unknown}
 g - a scroll of fog {unknown}
 l - a scroll of poison {unknown}
 m - a scroll of blinking {unknown}
 n - a scroll of enchant weapon {unknown}
 o - a scroll of silence {unknown}
 t - 2 scrolls of teleportation {unknown}
 u - a scroll of enchant armour {unknown}
Potions
 a - 4 potions of curing {unknown}
 f - a potion of berserk rage {unknown}
 h - a potion of degeneration {unknown}
 i - a potion of haste {unknown}
 j - 2 potions of mutation {unknown}
 k - a potion of might {unknown}
 q - a potion of cancellation {unknown}


   Skills:
 * Level 3.9 Fighting
 - Level 2.3 Dodging
 - Level 1.3 Stealth
 + Level 2.5 Unarmed Combat
 * Level 2.8 Spellcasting
 - Level 3.2 Evocations


You had 10 spell levels left.
You didn't know any spells.
Your spell library contained the following spells:

 Spells                   Type           Power      Damage    Failure   Level
 Tukima's Dance           Hex            2%         N/A       38%         3
 Leda's Liquefaction      Hex/Erth       1%         N/A       80%         4
 Passage of Golubria      Tloc           2%         N/A       80%         4
 Lee's Rapid Deconstruct  Erth           1%         3d5*      98%         5
 Yara's Violent Unravell  Hex/Tmut       1%         3d3       98%         5
 Statue Form              Tmut/Erth      1%         N/A       100%        6


Dungeon Overview and Level Annotations

Branches:
Dungeon (4/15)
 Temple: D:4-7

Altars:
Cheibriados
Dithmenos
Fedhas
Hepliaklqana
Ru

Shops:
D:3 [   D:4 ?

Annotations:
D:4 exclusion: phantom


Innate Abilities, Weirdness & Mutations

You cannot wear most types of armour.
You are amphibious.
You can wear up to eight rings at the same time.
Your skin changes colour to match your surroundings (Stealth+).
Your rubbery body absorbs attacks. (AC +1, EV +1)
((You are camouflaged when in or above water. (Stealth+)))
You have tentacles for arms and can constrict up to eight enemies at once.


Message History

Orders for allies: a - Attack new target. p - Attack previous target. r - Retreat! s - Stop attacking. g - Guard the area. f - Follow me.
Anything else - Cancel.
Okay, then.
Aiming: Charm
Press: ? - help, Shift-Dir - straight line, f/p - gnoll
Aim: a gnoll, wielding a +2 flail of protection (chance to affect: 66%)
The gnoll is charmed.
Unknown command.
What are your orders? t - Shout!
Orders for allies: a - Attack new target. p - Attack previous target. r - Retreat! s - Stop attacking. g - Guard the area. f - Follow me.
Anything else - Cancel.
Guard this area!
There is an open door here.
Things that are here:
a +0 whip; a +0 whip
t - 2 scrolls labelled ESSIOL HOSE (gained 1)
Found Zetzaob's Magic Scroll Emporium.
Found a club.
There is a fountain of clear blue water here.
The gnoll closely misses you.
There is an entrance to Zetzaob's Magic Scroll Emporium here.
A gnoll is nearby!
You tentacle-slap the gnoll but do no damage.
Your grab misses the gnoll.
The gnoll hits you with a +2 flail of protection!
You barely miss the gnoll. Your grab misses the gnoll.
Your squeeze misses the gnoll.
The gnoll hits you with a +2 flail of protection!
You closely miss the gnoll. Your grab misses the gnoll.
The gnoll hits you with a +2 flail of protection!
* * * LOW HITPOINT WARNING * * *
You tentacle-slap the gnoll. Your grab misses the gnoll.
The gnoll is lightly wounded.
The gnoll hits you with a +2 flail of protection!
You die...

#...# #.#
##### #.# ####
### #### #.#
#... ... ...
#.#
#..........#.#
###
#..♣.♣.♣.♣.#.#
#.....⌠......
#.♣.♣g♣.♣.# ♣
#..⌠$@.⌠..# #
♣♣
#.♣.♣.♣.♣.#.#
♣♣.
#....⌠......#
♣..
#.♣.♣.♣.♣.###
♣♣..
#.......).###
♣...
####........#
♣.♣.
##.#.###.#
♣♣♣♣ #.#.###.#
♣ #.#.##..#
##♣♣♣♣♣


You could see a gnoll.

Vanquished Creatures
  A jelly (D:4)
  An orc priest (D:4)
  2 gnolls
  5 adders
  3 worms
  2 dart slugs (D:1)
  6 orcs
  10 ball pythons
  5 endoplasms
  5 giant cockroaches
  4 goblins
  4 hobgoblins
  6 kobolds
  5 quokkas
  2 bats
  3 frilled lizards
  4 rats
68 creatures vanquished.

Vanquished Creatures (collateral kills)
  An orc wizard (D:3)
  A gnoll (D:4)
2 creatures vanquished.

Vanquished Creatures (others)
  A gnoll (D:4)
1 creature vanquished.

Grand Total: 71 creatures vanquished

Notes
Turn   | Place    | Note
-------+----------+-------------------------------------------
     0 | D:1      | H0rd4k the Octopode Artificer began the quest for the Orb.
     0 | D:1      | Reached XP level 1. HP: 13/13 MP: 1/1
    45 | D:1      | Reached skill level 1 in Spellcasting
    45 | D:1      | Reached XP level 2. HP: 10/18 MP: 1/3
   418 | D:1      | Reached XP level 3. HP: 15/24 MP: 5/5
  1387 | D:2      | Found a faded altar of an unknown god.
  1476 | D:2      | Reached skill level 1 in Unarmed Combat
  1604 | D:2      | Reached XP level 4. HP: 30/30 MP: 7/7
  2145 | D:3      | Found Pagg's Antique Armour Shop.
  2408 | D:3      | Found a hazy altar of Hepliaklqana.
  2411 | D:3      | Found a shadowy altar of Dithmenos.
  2411 | D:3      | Noticed a shadow
  3165 | D:3      | Reached XP level 5. HP: 36/36 MP: 8/8
  3440 | D:4      | Noticed a phantom
  4119 | D:4      | Reached XP level 6. HP: 42/43 MP: 8/10
  4165 | D:4      | Found a sacrificial altar of Ru.
  4189 | D:4      | Found a snail-covered altar of Cheibriados.
  4309 | D:4      | Found a blossoming altar of Fedhas.
  4452 | D:4      | Found Zetzaob's Magic Scroll Emporium.
  4463 | D:4      | Slain by a gnoll

Illustrated notes

Levels and vault maps discovered:
D:1:      nicolae_arrival_memento_mori, layout_rooms, minivault_14
D:2:      layout_loops_ring, hellmonk_ecumenical_altar_zigzags
D:3:      layout_basic, riverfiend_overflow_shadow_ancestor, serial_shops,
          nicolae_shop_hallway_plus
D:4:      layout_loops_corners, fedhas_altar_fruit_tree, cheibriados_altar_1,
          nicolae_ru_the_path_less_chosen, minmay_shop_grid_forest,
          kennysheep_boxes

Skill      XL: |  1  2  3  4  5 |
---------------+----------------+-----
Spellcasting   | 1 2 |  2.8
Fighting       | 2 3 |  3.9
Unarmed Combat | 1 2 |  2.5
Dodging        | |  2.3
Stealth        | |  1.3
Evocations     | |  3.2

Action                   |  1- 3 |  4- 6 || total
-------------------------+-------+-------++-------
Melee: Unarmed           |    83 |    98 ||   181
       Tentacles         |    24 |    25 ||    49
       Constrict         |    22 |    24 ||    46
       Punch             |     1 |     4 ||     5
Throw: Dart              |       |     2 ||     2
Evoke: Wand              |       |     6 ||     6
 Stab: Sleeping          |     8 |     7 ||    15
Armor: Skin              |     6 |     4 ||    10
Dodge: Dodged            |    68 |    58 ||   126
